 Dungeon Crawl Stone Soup version 0.26-a0-971-g1d9d62bb61 (webtiles) character file.

Game seed: 5298963793626231747

670 streetpizza the Changer (level 7, -2/47 HPs)
             Began as an Octopode Transmuter on Dec 4, 2020.
             Was an Initiate of Cheibriados.
             Killed by nerve-wracking pain
             ... invoked by an orc priest
              (5 damage)
             ... on level 5 of the Dungeon.
             The game lasted 00:22:14 (7850 turns).

streetpizza the Changer (Octopode Transmuter)       Turns: 7850, Time: 00:22:14

Health: -2/47      AC:  1    Str: 11    XL:     7   Next: 58%
Magic:  10/10      EV: 15    Int: 18    God:    Cheibriados [......]
Gold:   142        SH:  0    Dex: 13    Spells: 9/10 levels left

rFire    . . .     SeeInvis .   f - +2 short sword (venom)
rCold    . . .     Faith    .   (no shield)
rNeg     . . .     Spirit   .   (helmet currently unavailable)
rPois    .         Reflect  .   (no amulet)
rElec    .         Harm     .   (no ring)
rCorr    .         Rampage  .   (no ring)
MR       .....                  (no ring)
Stlth    ++........             (no ring)
HPRegen  0.15/turn              (no ring)
MPRegen  0.12/turn              (no ring)
                                (no ring)
                                (no ring)

@: appendages, very slow
A: almost no armour, stealthy swim, amphibious, 8 rings, constrict 8, tentacle
spike 3, camouflage 1, gelatinous body 1
a: End Transformation, Bend Time, Renounce Religion


You were on level 5 of the Dungeon.
You worshipped Cheibriados.
Cheibriados was noncommittal.
One of your tentacles had a temporary spike.
You visited 2 branches of the dungeon, and saw 6 of its levels.

You collected 142 gold pieces.

Inventory:

Hand Weapons
 f - a +2 short sword of venom (weapon)
Missiles
 c - 5 javelins
 l - 36 poisoned darts (quivered)
Armour
 i - a +0 tower shield
Scrolls
 a - 3 scrolls of amnesia {unknown}
 b - a scroll of fog {unknown}
 e - a scroll of fear {unknown}
 h - 7 scrolls of identify {unknown}
 k - 3 scrolls of remove curse {unknown}
 m - 4 scrolls of enchant weapon {unknown}
 n - a scroll of noise {unknown}
 o - 2 scrolls of enchant armour {unknown}
 t - 2 scrolls of teleportation {unknown}
Potions
 d - 3 potions of haste {unknown}
 g - a potion of attraction {unknown}
 j - a potion of heal wounds {unknown}
 p - 2 potions of brilliance {unknown}
 q - a potion of curing {unknown}
 r - a potion of ambrosia {unknown}
 s - a potion of flight {unknown}


   Skills:
 + Level 3.8 Fighting
 + Level 4.2 Dodging
 + Level 4.7 Unarmed Combat
 - Level 2.0 Spellcasting
 * Level 4.9 Transmutations


You had 9 spell levels left.
You knew the following spells:

 Your Spells              Type           Power        Failure   Level
a - Beastly Appendage     Tmut           ###...       2%          1

Your spell library contained the following spells:

 Spells                   Type           Power        Failure   Level
 Wereblood                Tmut           ###.....     3%          2
 Spider Form              Tmut/Pois      ##........   21%         3
 Ice Form                 Ice/Tmut       ##......     54%         4
 Blade Hands              Tmut           ###.......   56%         5


Dungeon Overview and Level Annotations

Branches:
Dungeon (5/15)             Temple (1/1) D:4

Altars:
Ashenzari
Cheibriados
Elyvilon
Fedhas
Gozag
Hepliaklqana
Kikubaaqudgha
Makhleb
Nemelex Xobeh
Okawaru
Qazlal
Ru
Sif Muna
Trog
Uskayaw
Vehumet
Wu Jian
Xom
Yredelemnul
Zin
Beogh

Annotations:
D:4 3 runed translucent doors, Deppong's ghost, amateur MiFi


Innate Abilities, Weirdness & Mutations

You cannot wear most types of armour.
You are very stealthy in the water. (Stealth+)
You are amphibious.
You can wear up to eight rings at the same time.
You can use your tentacles to constrict eight enemies at once.
Your skin changes colour to match your surroundings (Stealth+).
Your rubbery body absorbs attacks. (AC +1, EV +1)
One of your tentacles bears a large vicious spike.


Message History

* * * LOW HITPOINT WARNING * * *
The ufetubus closely misses you. The ufetubus hits you.
* * * LOW HITPOINT WARNING * * *
The ufetubus closely misses you.
You closely miss the ufetubus. Your grab misses the ufetubus.
Your squeeze misses the ufetubus.
The ufetubus is heavily wounded.
The ufetubus hits you.
* * * LOW HITPOINT WARNING * * *
The ufetubus misses you. The orc barely misses you.
Unknown command.
You hit the ufetubus.
You kill the ufetubus!
Cheibriados thoroughly appreciates the change of pace.
A white imp comes into view.
The orc hits you with a +0 dagger.
* * * LOW HITPOINT WARNING * * *
The orc priest invokes the aid of Beogh against you.
Pain shoots through your body!
You die...

#... #..# #
...##..# ..
#.....##.# .
#.......# ..
#....# .#
#..#.# ..
#..#.##.#
#..#.o5.#
#.<#@##.....
#..#o# #.##
#..#.. ..
#..#.##
...#..
#...#.#
...##.# )###
#..


You could see an orc priest, a white imp (wandering) and an orc.

Vanquished Creatures
  2 phantoms
  2 hounds (D:4)
  3 orc wizards
  2 worker ants (D:4)
  12 gnolls (D:3)
  9 adders
  An ufetubus (D:5)
  An ooze (D:4)
  An adder skeleton (D:3)
  3 worms
  2 dart slugs (D:1)
  5 leopard geckos
  9 orcs
  6 giant cockroaches
  8 goblins
  7 hobgoblins
  2 quokkas
  7 bats
  6 frilled lizards
  9 kobolds
  7 rats
104 creatures vanquished.

Notes
Turn   | Place    | Note
-------+----------+-------------------------------------------
     0 | D:1      | streetpizza the Octopode Transmuter began the quest for the
                  | Orb.
     0 | D:1      | Reached XP level 1. HP: 13/13 MP: 3/3
   167 | D:1      | Reached XP level 2. HP: 18/18 MP: 3/5
   223 | D:1      | Found a sparkling altar of Nemelex Xobeh.
   551 | D:1      | Reached XP level 3. HP: 20/23 MP: 4/6
  1542 | D:2      | Reached XP level 4. HP: 16/29 MP: 5/7
  2855 | D:3      | Reached XP level 5. HP: 12/35 MP: 8/8
  3611 | D:3      | Found a faded altar of an unknown god.
  3706 | D:3      | Noticed a phantom
  4813 | D:3      | Noticed a water elemental
  4815 | D:3      | Found a stormy altar of Qazlal.
  4816 | D:3      | Noticed an air elemental
  4816 | D:3      | Noticed a fire elemental
  5270 | D:3      | Reached XP level 6. HP: 41/41 MP: 7/9
  5368 | D:3      | HP: 1/42 [phantom (6)]
  5809 | D:3      | Killed a phantom
  6140 | D:4      | Got an ichor-stained long sword
  6141 | D:4      | Identified the +2 long sword "Ynengaup" {speed, +Inv Str+3}
                  | (You found it on level 4 of the Dungeon)
  6167 | D:4      | Noticed a phantom
  6208 | D:4      | Killed a phantom
  6209 | D:4      | Reached XP level 7. HP: 3/46 MP: 10/10
  6931 | D:4      | Found a white marble altar of Elyvilon.
  7031 | D:4      | Found a staircase to the Ecumenical Temple.
  7037 | Temple   | Entered the Ecumenical Temple
  7216 | Temple   | Became a worshipper of Cheibriados the Contemplative
  7257 | D:4      | Found a faded altar of an unknown god.
  7257 | D:4      | Found a faded altar of an unknown god.
  7267 | D:4      | Found a basalt altar of Yredelemnul.
  7270 | D:4      | Found a glowing silver altar of Zin.
  7271 | D:4      | Found a broken altar of Ashenzari.
  7328 | D:4      | Found a runed translucent gate.
  7329 | D:4      | Found a runed translucent gate.
  7330 | D:4      | Found a roughly hewn altar of Beogh.
  7330 | D:4      | Found a runed translucent gate.
  7333 | D:4      | Noticed Deppong's ghost (amateur MiFi)
  7333 | D:4      | Identified the +10 dagger "Hybenaig" {venom, Dex+5 Stlth+}
  7833 | D:5      | Entered Level 5 of the Dungeon
  7850 | D:5      | Killed from afar by an orc priest

Illustrated notes

Levels and vault maps discovered:
D:1:      dpeg_arrival_boxes_within_box, layout_loops_ring,
          nemelex_diamond_rough_becter
D:2:      layout_loops_corners
D:3:      layout_basic, chequers_ecumenical_altar_island,
          hangedman_abyss_or_decor_stabs, nicolae_qazlal_style_of_elements
D:4:      layout_basic, lemuel_doored_altar,
          chequers_temple_overflow_minitemple, minmay_temple_entry_fiery,
          biasface_ghost_orc_armoury
D:5:      layout_layer_cave, lemuel_round_altar, minivault_26, hex_large,
          hangedman_glass_teeth, minmay_diced_spiral
Temple:   eino_temple_scatter_basement

Skill      XL: |  1  2  3  4  5  6  7 |
---------------+----------------------+-----
Fighting       | 2 3 |  3.8
Transmutations | 3 4 |  4.9
Dodging        | 3 4 |  4.2
Unarmed Combat | 4 |  4.7
Spellcasting   | |  2.0

Action                   |  1- 3 |  4- 6 |  7- 9 || total
-------------------------+-------+-------+-------++-------
Melee: Unarmed           |    51 |    37 |     5 ||    93
       Tentacles         |    10 |    29 |     7 ||    46
       Constrict         |    16 |    30 |    17 ||    63
       Kick              |     7 |    25 |    11 ||    43
       Short sword       |    29 |   132 |    45 ||   206
       Punch             |     1 |     4 |     1 ||     6
       Long sword        |       |     8 |       ||     8
 Cast: Beastly Appendage |     7 |    28 |     9 ||    44
 Stab: Sleeping          |     5 |     4 |     1 ||    10
Armor: Skin              |    10 |     7 |     2 ||    19
Dodge: Dodged            |    50 |    95 |    40 ||   185
       Rpst.: Long sword |       |     2 |       ||     2

Table legend: (Time is in decaauts)
 A = Elapsed time spent in this place.
 B = Non-inter-level travel time spent in this place.
 C = Inter-level travel time spent in this place.
 D = Time resting spent in this place.
 E = Time spent auto-exploring this place.
 F = Levels seen in this place.
 G = Mean time per level.
                   A        B        C        D        E       F      G
               +--------+--------+--------+--------+--------+-----+--------+
         Total |   7992 |   7858 |    134 |   1250 |   5440 |   6 | 1332.0 |
       Dungeon |   7800 |   7678 |    122 |   1250 |   5280 |   5 | 1560.0 |
        Temple |    192 |    181 |     11 |      0 |    160 |   1 |  192.0 |
               +--------+--------+--------+--------+--------+-----+--------+

Top non-repeatable levels by time:
     D:2: 2968 daAuts
     D:3: 1772 daAuts
     D:4: 1754 daAuts
     D:1: 1285 daAuts
  Temple: 192 daAuts
     D:5: 19 daAuts
